 Dungeon Crawl Stone Soup version 0.27.1-1-g398f81649c (webtiles) character file.

Game seed: 8162186428327726073

6990 Destapler the Blocker (level 10, -12/91 HPs)
             Began as a Minotaur Fighter on Sept 15, 2021.
             Was an Elder of Trog.
             Mangled by Snorg (17 damage)
             ... on level 10 of the Dungeon.
             The game lasted 00:16:28 (9739 turns).

Destapler the Blocker (Minotaur Fighter)            Turns: 9739, Time: 00:16:28

Health: -12/91     AC: 10    Str: 22 (25) XL:     10   Next: 81%
Magic:  9/9        EV: 10    Int:  5      God:    Trog [****..]
Gold:   506        SH: 11    Dex:  8 (9)  Spells: 9/9 levels left

rFire    . . .     SeeInvis +   a - +0 long sword
rCold    . . .     Faith    .   c - +0 kite shield
rNeg     . . .     Spirit   .   b - +0 scale mail
rPois    .         Reflect  .   (helmet restricted)
rElec    .         Harm     .   s - +0 cloak
rCorr    +         Rampage  .   (no gloves)
Will     .....                  (no boots)
Stlth    ..........             (no amulet)
HPRegen  0.25/turn              j - ring of see invisible
MPRegen  0.11/turn              A - ring of resist corrosion

@: mighty, on berserk cooldown, slowed, very slow
A: horns 2, retaliatory headbutt
a: Renounce Religion, Berserk, Trog's Hand, Brothers in Arms


You were on level 10 of the Dungeon.
You worshipped Trog.
Trog was greatly pleased with you.
You visited 1 branch of the dungeon, and saw 10 of its levels.

You collected 506 gold pieces.

Inventory:

Hand Weapons
 a - a +0 long sword (weapon)
Missiles
 p - 13 poisoned darts (quivered)
 t - 7 boomerangs
 B - a throwing net
 I - a curare-tipped dart
Armour
 b - a +0 scale mail (worn)
 c - a +0 kite shield (worn)
 s - a +0 cloak (worn)
Jewellery
 j - a ring of see invisible (left hand)
 A - a ring of resist corrosion (right hand)
 D - a +6 ring of intelligence
 G - a ring of fire
Wands
 m - a wand of polymorph (24)
 y - a wand of flame (4)
 E - a wand of paralysis (8)
Scrolls
 f - 8 scrolls of identify
 g - 8 scrolls of teleportation {unknown}
 i - a scroll of brand weapon {unknown}
 o - a scroll of torment {unknown}
 q - 5 scrolls of vulnerability {unknown}
 r - a scroll of enchant weapon {unknown}
 v - a scroll of summoning {unknown}
 x - 3 scrolls of amnesia {unknown}
 z - a scroll of noise {unknown}
 F - 3 scrolls of magic mapping {unknown}
 H - a scroll of fear {unknown}
Potions
 d - a potion of might
 e - 2 potions of degeneration
 h - a potion of haste {unknown}
 k - 2 potions of heal wounds
 l - 2 potions of curing
 n - a potion of invisibility {unknown}
 u - a potion of mutation {unknown}
 w - a potion of cancellation {unknown}
 C - a potion of attraction {unknown}
 J - 2 potions of resistance {unknown}
 K - a potion of lignification {unknown}


   Skills:
 + Level 9.6 Fighting
 - Level 6.6 Long Blades
 + Level 5.2 Throwing
 + Level 9.6 Armour
 + Level 5.6 Dodging
 + Level 9.7 Shields
 + Level 4.6 Evocations


You had 9 spell levels left.
You didn't know any spells.
Your spell library contained the following spells:

 Spells                   Type           Power      Damage    Failure   Level
 Animate Skeleton         Necr           0%         N/A       93%         1
 Apportation              Tloc           0%         N/A       93%         1
 Corona                   Hex            0%         N/A       93%         1
 Foxfire                  Conj/Fire      0%         2x1d4     93%         1
 Magic Dart               Conj           0%         1d3       93%         1
 Shock                    Conj/Air       0%         1d3       93%         1
 Summon Small Mammal      Summ           0%         N/A       93%         1
 Call Imp                 Summ           0%         N/A       98%         2
 Sublimation of Blood     Necr           0%         N/A       98%         2
 Confusing Touch          Hex            0%         N/A       100%        3
 Conjure Flame            Conj/Fire      0%         6-21      100%        3
 Inner Flame              Hex/Fire       0%         N/A       100%        3
 Mephitic Cloud           Conj/Pois/Air  0%         N/A       100%        3
 Swiftness                Air            0%         N/A       100%        3
 Airstrike                Air            0%         N/A       100%        4
 Fulminant Prism          Conj/Hex       0%         3d6       100%        4
 Iskenderun's Mystic Bla  Conj/Tloc      0%         2d3       100%        4
 Leda's Liquefaction      Hex/Erth       0%         N/A       100%        4
 Passage of Golubria      Tloc           N/A        N/A       100%        4
 Petrify                  Tmut/Erth      0%         N/A       100%        4
 Irradiate                Conj/Tmut      0%         3d13      100%        5
 Lee's Rapid Deconstruct  Erth           0%         3d5*      100%        5
 Silence                  Hex/Air        0%         N/A       100%        5
 Yara's Violent Unravell  Hex/Tmut       0%         3d3       100%        5
 Discord                  Hex            0%         N/A       100%        8
 Lehudib's Crystal Spear  Conj/Erth      0%         10d2      100%        8


Dungeon Overview and Level Annotations

Branches:
Dungeon (10/15)            Temple (0/1) D:7
   Lair: D:8-11         Orc: D:9-12

Altars:
Elyvilon
Fedhas
Hepliaklqana
Kikubaaqudgha
Qazlal
Trog
Vehumet

Shops:
D:2 ([[*[

Annotations:
D:10 Snorg


Innate Abilities, Weirdness & Mutations

You have a pair of horns on your head.
You reflexively headbutt those who attack you in melee.


Message History

You are exhausted.
You feel yourself slow down.
Found a wand of flame (25).
Found a stone staircase leading up.
Found a stone staircase leading down.
p - 12 poisoned darts (gained 1)
Found a stone staircase leading down.
p - 13 poisoned darts (gained 1)
p - 14 poisoned darts (gained 1)
p - 15 poisoned darts (gained 1) Snorg the Insatiable comes into view.
Snorg shouts!
You see here a wand of flame (25).
You throw a poisoned dart. The poisoned dart closely misses Snorg.
You throw a poisoned dart. The poisoned dart hits Snorg.
Snorg is poisoned.
You feel very mighty all of a sudden. You block Snorg's attack.
Snorg claws you but does no damage. Snorg closely misses you.
Snorg bites you but does no damage. You block Snorg's attack. x2
You slice Snorg!! Your headbutt misses Snorg.
Snorg is moderately wounded.
Snorg goes berserk!
You hit Snorg. Your headbutt misses Snorg.
Snorg is moderately wounded.
Snorg barely misses you. You furiously retaliate!
You headbutt Snorg!! Snorg claws you! You block Snorg's attack.
Snorg bites you! Snorg closely misses you. Snorg barely misses you.
Snorg bites you!! Snorg claws you!
* * * LOW HITPOINT WARNING * * *
You block Snorg's attack.
You barely miss Snorg. Your headbutt misses Snorg.
Snorg is heavily wounded.
You block Snorg's attack. x3; Snorg bites you!
* * * LOW HITPOINT WARNING * * *
Snorg claws you.
* * * LOW HITPOINT WARNING * * *
Snorg claws you but does no damage.
Snorg looks more healthy.
You block Snorg's attack. x2; Snorg claws you!
* * * LOW HITPOINT WARNING * * *
Snorg bites you but does no damage. Snorg claws you!
You die...

... .....#. ..
.#######. #####..
......... ##><.(.##
##########. ##.......##
#......##.. #.....(...#
#.........#
#.........###......####
#.....T...#).......#
#.....@.....########
#..................
#.........####.....
#........(# ....
#.........# ...
#.........# ##
#>........# ##.......##
##.....##


You could see Snorg (berserk).

Vanquished Creatures
  A two-headed ogre (D:10)
  A komodo dragon (D:10)
  A troll (D:9)
  Grinder (D:3)
  14 yaks
  A wyvern (D:10)
  Grum (D:9)
  2 steam dragons
  The ghost of nemesis the Magician, an amateur DsCj (D:3)
  A water moccasin (D:5)
  2 orc warriors
  An ice beast (D:7)
  2 black bears
  2 wolves (D:9)
  2 centaurs
  A kobold brigand (D:9)
  Blork the orc (D:5)
  A gnoll sergeant (D:10)
  A bullfrog (D:6)
  2 wyvern skeletons (D:7)
  A scorpion (D:5)
  A water moccasin skeleton (D:5)
  3 killer bees (D:6)
  4 wights (D:7)
  2 bullfrog zombies
  2 howler monkeys
  2 hounds
  5 centaur zombies
  6 orc priests
  Crazy Yiuf (D:4)
  A centaur skeleton (D:5)
  A bullfrog skeleton (D:5)
  A gnoll shaman (D:7)
  Jessica (D:3)
  Natasha (twice) (D:4)
  3 iguanas
  6 orc wizards
  A killer bee zombie (D:8)
  Robin (D:3)
  10 adders
  11 gnolls
  A shadow imp (D:7)
  2 ufetubi
  A worm (D:3)
  4 dart slugs
  29 orcs
  9 endoplasms
  5 giant cockroaches
  11 goblins
  9 hobgoblins
  4 jackals
  9 kobolds
  3 quokkas
  7 ball pythons
  7 bats
  A frilled lizard (D:1)
  A jackal skeleton (D:4)
  5 rats
212 creatures vanquished.

Vanquished Creatures (others)
  2 fungi (D:4)
2 creatures vanquished.

Grand Total: 214 creatures vanquished

Notes
Turn   | Place    | Note
-------+----------+-------------------------------------------
     0 | D:1      | Destapler the Minotaur Fighter began the quest for the Orb.
     0 | D:1      | Reached XP level 1. HP: 19/19 MP: 0/0
   190 | D:1      | Reached XP level 2. HP: 27/27 MP: 1/1
   460 | D:1      | Reached XP level 3. HP: 28/33 MP: 2/2
   734 | D:2      | Found Veucs's Armour Emporium.
   951 | D:2      | Found a faded altar of an unknown god.
   961 | D:2      | Became a worshipper of Trog the Wrathful
   961 | D:2      | Reached * piety under Trog
  1308 | D:2      | Reached XP level 4. HP: 30/40 MP: 3/3
  1574 | D:2      | Found Beidwur's Armour Shop.
  1576 | D:2      | Found Ahurrivemp's General Store.
  1662 | D:2      | Found Egoth's Antique Armour Shop.
  1795 | D:2      | Found Ylot's Antique Weapon Shoppe.
  1944 | D:3      | Noticed Robin
  1958 | D:3      | Killed Robin
  1961 | D:3      | Reached ** piety under Trog
  2097 | D:3      | Noticed Grinder
  2106 | D:3      | Killed Grinder
  2107 | D:3      | Reached skill level 5 in Fighting
  2107 | D:3      | Reached skill level 5 in Armour
  2107 | D:3      | Reached skill level 5 in Shields
  2107 | D:3      | Reached XP level 5. HP: 48/48 MP: 4/4
  2107 | D:3      | Reached XP level 6. HP: 56/56 MP: 5/5
  2414 | D:3      | Noticed nemesis's ghost (amateur DsCj)
  2417 | D:3      | Found a runed translucent door.
  2512 | D:3      | Noticed Jessica
  2519 | D:3      | Killed Jessica
  2873 | D:3      | Killed nemesis's ghost
  2874 | D:3      | Reached skill level 5 in Long Blades
  2949 | D:4      | Reached XP level 7. HP: 60/62 MP: 6/6
  3312 | D:4      | Noticed Natasha
  3320 | D:4      | Killed Natasha
  3718 | D:4      | Noticed Natasha
  3723 | D:4      | Killed Natasha
  3920 | D:4      | Found a runed translucent door.
  3921 | D:4      | Noticed Crazy Yiuf
  3930 | D:4      | Killed Crazy Yiuf
  3991 | D:5      | Entered Level 5 of the Dungeon
  4370 | D:5      | Reached XP level 8. HP: 69/71 MP: 7/7
  4415 | D:5      | Noticed Blork the orc
  4425 | D:5      | Killed Blork the orc
  4498 | D:5      | Found a white marble altar of Elyvilon.
  4942 | D:6      | Reached skill level 1 in Throwing
  4942 | D:6      | Reached skill level 1 in Dodging
  5068 | D:6      | Reached skill level 1 in Evocations
  5133 | D:6      | Found a radiant altar of Vehumet.
  5193 | D:6      | Reached *** piety under Trog
  5725 | D:6      | Reached XP level 9. HP: 80/80 MP: 8/8
  6264 | D:7      | Found a staircase to the Ecumenical Temple.
  6672 | D:7      | Got the Volume of Ashen Execration
  7798 | D:8      | Found a blossoming altar of Fedhas.
  7803 | D:8      | Found a stormy altar of Qazlal.
  7804 | D:8      | Found a hazy altar of Hepliaklqana.
  7804 | D:8      | Found an ancient bone altar of Kikubaaqudgha.
  8069 | D:9      | Reached **** piety under Trog
  8171 | D:9      | Reached XP level 10. HP: 89/90 MP: 9/9
  8376 | D:9      | Noticed Grum
  8391 | D:9      | Killed Grum
  9069 | D:10     | Entered Level 10 of the Dungeon
  9138 | D:10     | Reached skill level 5 in Dodging
  9560 | D:10     | Reached skill level 5 in Throwing
  9701 | D:10     | Noticed a two-headed ogre
  9711 | D:10     | Killed a two-headed ogre
  9731 | D:10     | Noticed Snorg
  9739 | D:10     | Mangled by Snorg

Illustrated notes

Levels and vault maps discovered:
D:1:      noname_arrival_rooms_in_the_neighbourhood, layout_rooms
D:2:      layout_loops_ring, serial_shops, shop, shop, shop_fountains,
          nicolae_shop_crystal, nicolae_square_shop,
          shapermc_ecumenical_altar_starsandcircs,
          corexii_item_surrounded_by_moat, eino_curves_03, minmay_tall_x
D:3:      layout_basic, hellmonk_ghost_happy_afterlife, kennysheep_flooded_box,
          uniq_jessica, uniq_grinder, uniq_robin
D:4:      layout_loops_corners, minmay_fractal_squares_gapless_5,
          uniq_crazy_yiuf_cottage, uniq_natasha
D:5:      layout_rooms, lemuel_coloured_pillars_altar, uniq_blork_the_orc
D:6:      layout_rooms, vehumet_altar_wand_db, dk_noncrumbling_2,
          nicolae_underground_beach
D:7:      layout_basic, minmay_temple_entry_drinking_statues
D:8:      layout_rooms, minitemple
D:9:      layout_roguey, chequers_serial_rivers_small_b,
          chequers_serial_rivers_room_a, uniq_grum
D:10:     layout_rooms, lair_entry_dummy, uniq_snorg, uniq_maggie

Skill      XL: |  1  2  3  4  5  6  7  8  9 10 |
---------------+-------------------------------+-----
Fighting       | 4 5 6 7 8 9 |  9.6
Armour         | 4 5 6 7 8 9 |  9.6
Shields        | 4 5 6 7 8 9 |  9.7
Long Blades    | 3 4 5 6 |  6.6
Throwing       | 1 3 5 |  5.2
Dodging        | 1 4 5 |  5.6
Evocations     | 1 3 4 |  4.6

Action                   |  1- 3 |  4- 6 |  7- 9 | 10-12 || total
-------------------------+-------+-------+-------+-------++-------
Melee: Long sword        |    76 |    89 |   360 |   119 ||   644
       Headbutt          |     3 |    15 |    73 |    30 ||   121
Throw: Dart              |       |       |     7 |    11 ||    18
Invok: Berserk           |       |     3 |    11 |     3 ||    17
       Trog's Hand       |       |     1 |     4 |     1 ||     6
  Use: Scroll            |     1 |       |       |       ||     1
       Potion            |       |       |     1 |     3 ||     4
Armor: Scale mail        |    53 |    37 |   125 |    27 ||   242
Dodge: Dodged            |    34 |    27 |   123 |    46 ||   230
Block: Kite shield       |    54 |    43 |   235 |   107 ||   439
       Rpst.: Long sword |     8 |     5 |    21 |    12 ||    46
